 Dungeon Crawl Stone Soup version 0.29-a0-72-g1732ff48e7 (webtiles) character file.

Game seed: 6835628890699703879

38 avis the Skirmisher (level 3, 0/26 HPs)
             Began as an Octopode Transmuter on Feb 4, 2022.
             Succumbed to an adder's poison
             ... on level 2 of the Dungeon.
             The game lasted 00:07:09 (2206 turns).

avis the Skirmisher (Octopode Transmuter)           Turns: 2206, Time: 00:07:10

Health: 0/26       AC:  1    Str: 11    XL:     3   Next: 43%
Magic:  1/6        EV: 13    Int: 15    God:
Gold:   67         SH:  0    Dex: 12    Spells: 0/6 levels left

rFire   . . .      SeeInvis .     - Unarmed
rCold   . . .      Faith    .   (no shield)
rNeg    . . .      Spirit   .   (helmet currently unavailable)
rPois   .          Reflect  .   (no amulet)
rElec   .          Harm     .   (no ring)
rCorr   .          Rampage  .   (no ring)
Will    .....                   (no ring)
Stlth   +++.......              (no ring)
HPRegen 0.08/turn               (no ring)
MPRegen 0.10/turn               (no ring)
                                (no ring)
                                (no ring)

@: lethally poisoned (0 -> -9), appendages (expiring), attractive, very slightly
contaminated
A: tentacle spike 3, almost no armour, amphibious, 8 rings, camouflage 1,
gelatinous body 1, (nimble swimmer 1), tentacles
a: End Transformation


You were on level 2 of the Dungeon.
One of your tentacles had grown a beastly spike.
You visited 1 branch of the dungeon, and saw 2 of its levels.

You collected 67 gold pieces.

Inventory:

Missiles
 a - 32 sling bullets
 b - 93 stones
 h - 5 poisoned darts
Armour
 c - an orb of mayhem
Scrolls
 d - a scroll of immolation {unknown}
 f - 4 scrolls of identify {unknown}
 i - a scroll of magic mapping {unknown}
 k - a scroll of teleportation {unknown}
Potions
 e - a potion of heal wounds {unknown}
 g - 2 potions of attraction
 j - a potion of might {unknown}
 l - a potion of haste {unknown}


   Skills:
 - Level 3.1 Fighting
 - Level 2.0 Dodging
 - Level 1.0 Stealth
 - Level 3.0 Unarmed Combat
 - Level 2.0 Spellcasting
 - Level 2.0 Transmutations
 * Level 0.2 Poison Magic


You couldn't memorise any spells.
You knew the following spells:

 Your Spells              Type           Power      Damage    Failure   Level
a - Beastly Appendage     Tmut           14%        N/A       10%         1
b - Blink                 Tloc           2%         N/A       32%         2
p - Spider Form           Tmut/Pois      4%         N/A       38%         3

Your spell library contained the following spells:

 Spells                   Type           Power      Damage    Failure   Level
 Wereblood                Tmut           7%         N/A       14%         2
 Inner Flame              Hex/Fire       1%         N/A       54%         3
 Ice Form                 Ice/Tmut       4%         N/A       82%         4
 Cause Fear               Hex            0%         N/A       91%         4
 Manifold Assault         Tloc           1%         N/A       99%         5
 Storm Form               Tmut/Air       2%         N/A       100%        7
 Discord                  Hex            0%         N/A       100%        8


Dungeon Overview and Level Annotations

Branches:
Dungeon (2/15)

Altars:
Xom


Innate Abilities, Weirdness & Mutations

One of your tentacles has grown a beastly spike.
You cannot wear most types of armour.
You are amphibious.
You can wear up to eight rings at the same time.
Your skin changes colour to match your surroundings (Stealth+).
Your rubbery body absorbs attacks. (AC +1, EV +1)
((You are camouflaged when in or above water. (Stealth+)))
You have tentacles for arms and can constrict up to eight enemies at once.


Message History

Your tentacle spike disappears.
An adder comes into view.
Casting: Beastly Appendage (safe; 10% risk of failure)
Confirm with . or Enter, or press ? or * to list all spells.
You miscast Beastly Appendage.
You are very lightly contaminated with residual magic.
Nothing appears to happen.
The adder hisses angrily.
A kobold comes into view. It is wielding a +0 club.
Casting: Beastly Appendage (safe; 10% risk of failure)
Confirm with . or Enter, or press ? or * to list all spells.
One of your tentacles grows a vicious spike.
The kobold shouts!
Okay, then.
Casting: Beastly Appendage (safe; 10% risk of failure)
Confirm with . or Enter, or press ? or * to list all spells.
The spell is extremely dangerous to miscast (38% risk of failure)!
Continue anyway?
You miscast Spider Form.
You feel odd!
You are poisoned.
Ouch! That really hurt!
You feel sick.
You closely miss the adder. You grab the adder. Your squeeze misses the adder.
You constrict the adder.
You feel sick. The adder barely misses you.
You barely miss the adder.
The adder is lightly wounded.
You constrict the adder. The adder bites you.
You are more poisoned.
The adder poisons you!
You tentacle-slap the adder.
The adder is moderately wounded.
You constrict the adder.
* * * LOW HITPOINT WARNING * * *
You feel sick. The adder bites you.
* * * LOW HITPOINT WARNING * * *
You are more poisoned.
The adder poisons you!
It was a potion of attraction.
You feel attractive to monsters.
You constrict the adder.
You die...

########## #>.#...).
....... #..###.## .......
#..###.# ..?.... #......#
..K.... #...#####
....S..### #........
.......+.# ########....###.
.......#.###...........###.
#..KS@..#####.....#...
#.#.##..# #.....#.##
#.......# #.....#.#
...........# ##.....#.#
..#######...# #....).#.#
#...# #........#
##.#####.####.### #.......#
#.# #.####### #.#


You could see an adder and a kobold.

Vanquished Creatures
  A worm (D:2)
  4 endoplasms (D:2)
  A giant cockroach (D:1)
  A goblin (D:1)
  2 hobgoblins (D:2)
  7 jackals (D:1)
  2 kobolds (D:2)
  2 quokkas (D:2)
  3 ball pythons
  3 bats
  A frilled lizard (D:1)
  4 rats
31 creatures vanquished.

Notes
Turn   | Place    | Note
-------+----------+-------------------------------------------
     0 | D:1      | avis the Octopode Transmuter began the quest for the Orb.
     0 | D:1      | Reached XP level 1. HP: 13/13 MP: 3/3
   111 | D:1      | Reached XP level 2. HP: 19/19 MP: 5/5
  1139 | D:2      | Reached XP level 3. HP: 25/25 MP: 3/6
  1165 | D:2      | Learned a level 3 spell: Spider Form
  1168 | D:2      | Learned a level 2 spell: Blink
  1474 | D:2      | Found a shimmering altar of Xom.
  2090 | D:2      | Reached skill level 1 in Stealth
  2206 | D:2      | Succumbed to an adder's poison

Illustrated notes

Levels and vault maps discovered:
D:1:      psy_arrival_dodecagon, layout_loops_cross, minmay_tromino_v4_c
D:2:      layout_basic, dreamdust_ecumenical_altar_sealed_demon, basic_altar

Skill      XL: |  1  2  3 |
---------------+----------+-----
Fighting       | 2 3 |  3.1
Stealth        | 1 |  1.0
Dodging        | |  2.0
Unarmed Combat | |  3.0
Spellcasting   | |  2.0
Transmutations | |  2.0
Poison Magic   | |  0.2

Action                   || total
-------------------------++-------
Melee: Unarmed           ||    59
       Kick              ||    13
       Constrict         ||    14
       Tentacles         ||     7
 Cast: Beastly Appendage ||    29
  Use: Potion            ||     1
 Stab: Sleeping          ||     5
Armor: Skin              ||     4
Dodge: Dodged            ||    24

Table legend: (Time is in decaauts)
 A = Elapsed time spent in this place.
 B = Non-inter-level travel time spent in this place.
 C = Inter-level travel time spent in this place.
 D = Time resting spent in this place.
 E = Time spent auto-exploring this place.
 F = Levels seen in this place.
 G = Mean time per level.
                   A        B        C        D        E       F      G
               +--------+--------+--------+--------+--------+-----+--------+
         Total |   2204 |   2136 |     68 |    652 |   1126 |   2 | 1102.0 |
       Dungeon |   2204 |   2136 |     68 |    652 |   1126 |   2 | 1102.0 |
               +--------+--------+--------+--------+--------+-----+--------+

Top non-repeatable levels by time:
     D:2: 1502 daAuts
     D:1: 701 daAuts
